Map: Catallena LE (Void)

Players

BolinhoFofo - Winner!

  • Race: Protoss Protoss
  • League: Diamond
  • Spawn Location: 12:00

shakal

  • Race: Zerg Zerg
  • League: Master
  • Spawn Location: 9:00

Event: BotH

VOD

Have the link to the VOD?

Description

Time

  • Played on: Aug. 19, 2017, 6:50 p.m.
  • Length: 9:48
Show
View Real Time Build Order
Export as new Build Order

BolinhoFofo Protoss - Winner!

Build Orders: 1 Gate Expand 

Get SALT Encoding   

  12  0:02  Probe (Chrono Boost)  
  13  0:13  Probe (Chrono Boost)  
  14  0:18  Pylon  
  14  0:23  Probe (Chrono Boost)  
  15  0:36  Probe (Chrono Boost)  
  15  0:37  Gateway  
  16  0:47  Probe (Chrono Boost)  
  16  0:48  Assimilator  
  17  0:57  Probe (Chrono Boost)  
  18  1:08  Probe (Chrono Boost)  
  19  1:22  Nexus  
  19  1:25  Probe (Chrono Boost)  
  20  1:36  Cybernetics Core  
  20  1:38  Probe (Chrono Boost)  
  21  1:44  Assimilator  
  21  1:49  Probe (Chrono Boost)  
  21  1:54  Pylon  
  22  2:00  Probe (Chrono Boost)  
  23  2:12  Mothership Core (Chrono Boost)  
  23  2:13  Adept (Chrono Boost)  
  27  2:22  Warp Gate (Chrono Boost)  
  27  2:32  Probe (Chrono Boost)  
  27  2:34  Probe (Chrono Boost)  
  29  2:37  Adept  
  29  2:43  Probe (Chrono Boost)  
  32  2:44  Probe (Chrono Boost)  
  32  2:45  Twilight Council  
  33  2:54  Probe (Chrono Boost)  
  33  2:55  Probe (Chrono Boost)  
  35  3:00  Pylon  
  35  3:04  Probe (Chrono Boost)  
  36  3:06  Probe (Chrono Boost)  
  37  3:14  Adept  
  37  3:15  Probe (Chrono Boost)  
  37  3:16  Probe (Chrono Boost)  
  41  3:25  Probe (Chrono Boost)  
  41  3:27  Probe (Chrono Boost)  
  43  3:28  Resonating Glaives (Chrono Boost)  
  43  3:36  Probe x2 (Chrono Boost)  
  45  3:46  Gateway  
  45  3:47  Gateway  
  45  3:48  Probe  
  44  3:50  Pylon  
  44  3:53  Probe, Gateway  
  45  3:58  Assimilator  
  45  4:00  Probe  
  46  4:05  Pylon, Probe  
  46  4:08  Stargate  
  47  4:14  Probe  
  48  4:17  Probe  
  48  4:23  Adept  
  51  4:26  Pylon  
  51  4:28  Probe  
  51  4:30  Pylon  
  53  4:35  Stargate  
  53  4:42  Assimilator  
  53  4:43  Adept x2  
  53  4:44  Adept  
  58  4:49  Adept  
  60  4:53  Oracle (Chrono Boost)  
  60  4:56  Probe x2  
  65  5:08  Probe x2  
  65  5:12  Pylon  
  67  5:26  Nexus  
  59  5:29  Adept x4  
  59  5:35  Pylon  
  65  5:41  Oracle (Chrono Boost)  
  65  5:42  Oracle (Chrono Boost)  
  71  5:51  Adept x4  
  79  6:00  Probe x2  
  81  6:12  Probe  
  81  6:13  Oracle x2 (Chrono Boost)  
  81  6:17  Adept x3  
  94  6:24  Probe x2  
  96  6:36  Probe x2  
  98  6:44  Oracle x2 (Chrono Boost)  
  104  6:48  Probe x3  
  104  6:53  Pylon  
  107  6:54  Pylon  
  107  6:59  Probe  
  107  7:00  Probe x2  
  107  7:01  Assimilator  
  110  7:04  Pylon  
  110  7:09  Adept x3  
  110  7:12  Probe x2  
  110  7:14  Probe  
  110  7:15  Oracle x2 (Chrono Boost)  
  125  7:19  Assimilator  
  125  7:24  Probe  
  125  7:25  Probe  
  127  7:31  Adept x4  
  131  7:47  Oracle (Chrono Boost)  
  131  7:48  Oracle (Chrono Boost)  
  120  7:52  Probe  
  120  7:53  Probe x2  
  119  7:59  Gateway  
  119  8:01  Gateway  
  119  8:02  Gateway x2  
  119  8:04  Gateway  
  119  8:05  Probe  
  120  8:14  Adept  
  120  8:15  Adept x3  
  120  8:19  Pylon, Oracle x2 (Chrono Boost)  
  116  8:36  Nexus, Adept  
  116  8:37  Adept x2  
  122  8:42  Forge  
  122  8:47  Pylon  
  116  8:49  Oracle (Chrono Boost)  
  116  8:50  Pylon  
  116  8:52  Adept  
  118  9:00  Adept x3  
  124  9:02  Adept  
  124  9:03  Adept x2  
  124  9:06  Oracle  
  124  9:08  Adept  
  135  9:14  Adept  
  137  9:22  Adept x3  
  137  9:24  Adept  
  148  9:27  Adept  
  150  9:31  Adept x2  
Show
View Real Time Build Order
Export as new Build Order

shakal Zerg 

Build Orders: Hatch First 

Get SALT Encoding   

  12  0:01  Drone  
  13  0:13  Overlord  
  14  0:21  Drone  
  14  0:33  Drone x2  
  16  0:38  Drone  
  17  0:54  Hatchery  
  16  0:57  Drone  
  16  1:02  Drone  
  18  1:11  Extractor  
  17  1:17  Spawning Pool  
  16  1:18  Drone  
  16  1:24  Drone  
  18  1:29  Drone  
  19  1:45  Overlord  
  19  1:51  Drone  
  20  2:03  Queen  
  20  2:05  Zergling x2  
  20  2:06  Queen  
  25  2:08  Drone  
  25  2:13  Metabolic Boost  
  26  2:16  Drone  
  26  2:17  Drone  
  28  2:24  Drone  
  29  2:31  Drone  
  29  2:34  Drone  
  31  2:45  Hatchery  
  30  2:55  Drone x2  
  30  2:56  Overlord  
  32  2:58  Queen  
  32  3:04  Drone  
  35  3:07  Zergling x2  
  36  3:15  Drone x4  
  36  3:16  Zergling x2  
  36  3:18  Drone x2  
  42  3:20  Drone  
  43  3:31  Drone  
  42  3:44  Overlord  
  42  3:45  Drone x2  
  44  3:49  Overlord  
  44  3:56  Drone  
  44  3:57  Drone x2  
  44  3:59  Overlord  
  44  4:00  Queen  
  49  4:04  Drone x2  
  49  4:09  Extractor, Drone x2  
  52  4:11  Extractor, Pneumatized Carapace  
  52  4:15  Drone x4  
  55  4:17  Baneling Nest  
  55  4:21  Zergling x4  
  55  4:26  Zergling x2  
  56  4:32  Zergling x2  
  56  4:33  Zergling x2  
  56  4:36  Zergling x2  
  59  4:39  Zergling x6  
  59  4:43  Zergling x6  
  59  4:44  Zergling x2  
  66  4:51  Zergling x6  
  69  4:56  Zergling x2  
  69  4:59  Zergling x2  
  71  5:03  Baneling x5  
  71  5:04  Baneling x2  
  71  5:06  Baneling x2  
  72  5:07  Drone x2  
  72  5:10  Lair  
  72  5:12  Overlord x3  
  66  5:31  Drone x4  
  66  5:32  Drone x3  
  66  5:33  Drone x2  
  66  5:34  Drone  
  75  5:39  Drone x2  
  75  5:41  Drone  
  75  5:42  Drone  
  79  5:43  Extractor  
  79  5:44  Zergling x6  
  79  5:49  Drone  
  81  5:50  Drone  
  81  5:51  Drone  
  80  5:58  Drone  
  80  5:59  Drone  
  80  6:02  Drone  
  82  6:09  Drone  
  82  6:10  Evolution Chamber, Centrifical Hooks, Hydralisk Den  
  81  6:12  Drone x4  
  81  6:14  Extractor  
  81  6:15  Extractor  
  81  6:16  Drone  
  81  6:17  Drone x3  
  87  6:19  Zergling x4  
  87  6:20  Hatchery  
  87  6:24  Spore Crawler  
  87  6:26  Spore Crawler  
  87  6:27  Spore Crawler  
  87  6:29  Spore Crawler x2  
  87  6:31  Spore Crawler  
  82  6:37  Spore Crawler  
  69  6:49  Drone x5  
  69  6:50  Drone x2  
  76  6:55  Drone x3  
  76  6:56  Drone x2  
  76  7:00  Zerg Melee Weapons Level 1, Drone  
  83  7:02  Muscular Augments  
  83  7:09  Baneling x2  
  83  7:14  Drone x2  
  85  7:15  Hydralisk x2  
  85  7:16  Hydralisk  
  85  7:18  Zergling x4  
  93  7:24  Baneling x3, Zergling x6  
  96  7:30  Baneling  
  96  7:31  Queen, Baneling x3  
  96  7:32  Hydralisk  
  99  7:42  Zergling x6  
  97  7:48  Hydralisk x2  
  83  7:53  Hydralisk x3  
  84  7:59  Hydralisk  
  84  8:02  Hydralisk x2  
  89  8:07  Hydralisk x2  
  89  8:10  Baneling Nest  
  89  8:12  Hydralisk x2  
  86  8:15  Zergling x4  
  86  8:17  Hydralisk  
  80  8:28  Hydralisk x4  
  80  8:33  Drone  
  84  8:36  Drone x2  
  84  8:40  Zergling x2  
  87  8:43  Drone x2  
  89  8:51  Zergling x8  
  89  8:52  Drone  
  89  8:55  Hydralisk  
  94  8:58  Drone x2  
  98  9:03  Drone  
  98  9:05  Drone  
  98  9:07  Queen  
  102  9:11  Drone x2  
  102  9:16  Overlord  
  104  9:21  Overlord x2  
  104  9:27  Infestation Pit  
  104  9:31  Baneling x2  
Tags
 
Add a new tag
Caveats
  • Supply blocks, unpowered buildings, or Contaminate may cause inaccurate times.
  • Supply counts are checked every 10 seconds.